 Dungeon Crawl Stone Soup version 0.23.2 (webtiles) character file.

Game seed: 11539791193945759693

1218 Marnok the Chopper (level 8, -6/68 HPs)
             Began as a Hill Orc Fighter on Mar 31, 2019.
             Mangled by an orc warrior
             ... wielding a cursed -2 trident
              (12 damage)
             ... on level 7 of the Dungeon.
             The game lasted 00:16:54 (4971 turns).

Marnok the Chopper (Hill Orc Fighter)               Turns: 4971, Time: 00:16:55

Health: -6/68      AC:  9    Str: 21    XL:     8   Next: 46%
Magic:  4/9        EV: 10    Int:  8    God:
Gold:   154        SH: 10    Dex: 10    Spells: 8/9 levels left

rFire    . . .     SeeInvis .   x - +2 war axe (flame)
rCold    . . .     Gourm    .   c - +0 shield
rNeg     . . .     Faith    .   s - +3 leather armour
rPois    .         Spirit   .   (no helmet)
rElec    .         Reflect  .   (no cloak)
rCorr    .         Harm     .   e - +0 pair of gloves
MR       +....                  u - +0 pair of boots
Stlth    +.........             (no amulet)
HPRegen  0.21/turn              p - ring of protection from magic
MPRegen  0.11/turn              (no ring)

@: slightly contaminated
A: no striking features
a: Convert to Beogh


You were on level 7 of the Dungeon.
You were not hungry.

You visited 1 branch of the dungeon, and saw 7 of its levels.

You collected 154 gold pieces.

Inventory:

Hand Weapons
 a - a +1 war axe
 h - a +2 mace of draining
 n - a +1 short sword of speed
 x - a +2 war axe of flaming (weapon)
Armour
 b - a +0 scale mail
 c - a +0 shield (worn)
 e - a +0 pair of gloves (worn)
 s - a +3 leather armour (worn)
 u - a +0 pair of boots (worn)
Jewellery
 p - a ring of protection from magic (left hand)
Wands
 g - a wand of random effects (24)
 l - a wand of paralysis (1)
Scrolls
 i - 3 scrolls of noise
 j - a scroll of blinking
 k - a scroll of immolation
 m - 5 scrolls of identify
 o - a scroll of fear
 r - 2 scrolls of magic mapping
 v - 3 scrolls of remove curse {unknown}
Potions
 d - a potion of might
 q - a potion of cancellation
 t - a potion of ambrosia
Comestibles
 f - 7 rations
 w - 6 chunks of flesh


   Skills:
 + Level 5.3 Fighting
 + Level 7.9 Axes
 + Level 5.8 Armour
 + Level 2.2 Dodging
 + Level 0.8 Stealth
 + Level 5.4 Shields
 + Level 1.2 Spellcasting
 + Level 1.3 Necromancy


You had 8 spell levels left.
You knew the following spells:

 Your Spells              Type           Power        Failure   Level  Hunger
a - Animate Skeleton      Necr           N/A          65%         1    ##.....

Your spell library contained the following spells:

 Spells                   Type           Power        Failure   Level  Hunger
 Pain                     Necr           #...         65%         1    ##.....
 Magic Dart               Conj           #...         83%         1    ##.....
 Sandblast                Erth           #.....       83%         1    ##.....
 Blink                    Tloc           N/A          93%         2    ###....
 Call Imp                 Summ           #.......     93%         2    ###....
 Passwall                 Tmut/Erth      #.......     93%         2    ###....
 Slow                     Hex            #.......     93%         2    ###....
 Vampiric Draining        Necr           #.........   95%         3    ####...
 Regeneration             Chrm/Necr      #.........   98%         3    ####...
 Conjure Flame            Conj/Fire      #.......     99%         3    ####...
 Mephitic Cloud           Conj/Pois/Air  #.......     99%         3    ####...
 Stone Arrow              Conj/Erth      #.....       99%         3    ####...
 Animate Dead             Necr           N/A          100%        4    #####..
 Petrify                  Tmut/Erth      #.......     100%        4    #####..
 Lee's Rapid Deconstruct  Erth           #.........   100%        5    ######.


Dungeon Overview and Level Annotations

Branches:
Dungeon (7/15)             Temple (0/1) D:5

Altars:
Ru
Trog


Message History

The gnoll hits you but does no damage. You block the orc warrior's attack.
The orc hits your orc skeleton with a +0 club.
The orc priest mumbles some strange prayers to Beogh against you.
Beogh smites you!
* * * LOW HITPOINT WARNING * * *
Your orc skeleton hits the orc but does no damage.
The gnoll misses you.
The orc warrior hits you from afar with a cursed -2 trident!
* * * LOW HITPOINT WARNING * * *
Things that are here:
a +0 halberd; a gnoll corpse The orc hits your orc skeleton with a +0 club.
You block the gnoll's attack.
Your orc skeleton hits the orc but does no damage.
There is a stone staircase leading up here.
The orc hits your orc skeleton with a +0 club.
Your orc skeleton is destroyed!
You block the gnoll's attack.
The orc warrior hits you from afar with a cursed -2 trident!
You die...

######.#. .....
!..#.... >...
....$$. #..#
###5#..# #..#
....#..######..#.
#.......<....#. #
##5#............
#.###g[...........##
#..@)ooo.#.######)#
#######...## #....#
##.#####Z#.)## #.#
#...#.).# #.#
#.#####.. #o#
#...#...# #o#
###Z#Z### #...#
##>##


You could see an orc warrior, an orc priest, a gnoll, a crimson imp and an orc.

Vanquished Creatures
  2 centaurs (D:5)
  Blork the orc (D:4)
  2 bullfrogs
  3 scorpions (D:5)
  2 wights (D:5)
  A crimson imp (D:6)
  2 jellies
  2 orc wizards
  Jessica (D:3)
  Ijyb (D:3)
  4 worker ants
  4 hound skeletons
  4 gnolls
  11 adders
  2 oozes
  An adder zombie (D:7)
  A worm (D:4)
  4 dart slugs
  6 leopard geckos
  20 orcs
  3 giant cockroaches (D:3)
  9 goblins
  7 hobgoblins
  9 jackals
  4 quokkas
  7 bats
  A frilled lizard (D:3)
  7 kobolds
  A leopard gecko skeleton (D:5)
  4 rats
126 creatures vanquished.

Notes
Turn   | Place    | Note
-------+----------+-------------------------------------------
     0 | D:1      | Marnok the Hill Orc Fighter began the quest for the Orb.
     0 | D:1      | Reached XP level 1. HP: 19/19 MP: 1/1
   137 | D:1      | Reached XP level 2. HP: 19/27 MP: 2/2
   621 | D:2      | Reached XP level 3. HP: 30/33 MP: 3/3
   663 | D:2      | Reached skill level 3 in Axes
   715 | D:2      | Reached XP level 4. HP: 40/40 MP: 4/4
  1153 | D:4      | Noticed Blork the orc
  1290 | D:3      | Found a sacrificial altar of Ru.
  1371 | D:3      | Noticed Jessica
  1373 | D:3      | Killed Jessica
  1373 | D:3      | Reached XP level 5. HP: 46/46 MP: 5/5
  1419 | D:3      | Learned a level 1 spell: Animate Skeleton
  1624 | D:2      | Reached skill level 4 in Axes
  2316 | D:3      | Noticed Ijyb
  2331 | D:3      | Paralysed by Ijyb for 7 turns
  2347 | D:3      | Killed Ijyb
  2347 | D:3      | Reached XP level 6. HP: 39/53 MP: 6/6
  2593 | D:4      | Killed Blork the orc
  2593 | D:4      | Reached skill level 1 in Dodging
  2668 | D:4      | Reached skill level 5 in Axes
  3162 | D:5      | Entered Level 5 of the Dungeon
  3172 | D:5      | Found a bloodstained altar of Trog.
  3186 | D:5      | Reached XP level 7. HP: 28/60 MP: 6/8
  3229 | D:5      | Found a staircase to the Ecumenical Temple.
  3241 | D:5      | Reached skill level 5 in Armour
  3241 | D:5      | Reached skill level 5 in Shields
  3265 | D:5      | Reached skill level 6 in Axes
  3321 | D:5      | Reached skill level 1 in Necromancy
  3685 | D:5      | Reached skill level 5 in Fighting
  4036 | D:5      | Reached skill level 1 in Spellcasting
  4398 | D:5      | Reached XP level 8. HP: 68/68 MP: 9/9
  4497 | D:5      | Reached skill level 7 in Axes
  4971 | D:7      | Mangled by an orc warrior

Skill      XL: |  1  2  3  4  5  6  7  8 |
---------------+-------------------------+-----
Axes           | 3 4 5 6 7 |  7.9
Shields        | 4 5 |  5.4
Fighting       | 4 5 |  5.3
Armour         | 4 5 |  5.8
Dodging        | 1 2 |  2.2
Necromancy     | 1 |  1.3
Spellcasting   | 1 |  1.2
Stealth        | |  0.8

Action                   |  1- 3 |  4- 6 |  7- 9 || total
-------------------------+-------+-------+-------++-------
Melee: War axe           |    56 |   222 |   150 ||   428
 Cast: Animate Skeleton  |       |       |     2 ||     2
  Use: Potion            |       |     9 |       ||     9
       Scroll            |       |       |     7 ||     7
  Eat: Chunk             |       |     9 |     4 ||    13
       Ration            |       |       |     1 ||     1
Armor: Scale mail        |    32 |   101 |    32 ||   165
       Leather armour    |       |       |    25 ||    25
Dodge: Dodged            |    26 |    82 |    50 ||   158
Block: Shield            |    38 |   137 |    82 ||   257
